 Dungeon Crawl Stone Soup version 0.30-a0-748-ge6a52f7cba (webtiles) character file.

Game seed: 4622883837026760641

11 Esekla the Sneak (level 2, -1/21 HPs)
             Began as an Octopode Delver on Feb 8, 2023.
             Slain by a phantom (3 damage)
             ... on level 5 of the Dungeon.
             The game lasted 00:04:21 (145 turns).

Esekla the Sneak (Octopode Delver)                   Turns: 145, Time: 00:04:22

Health: -1/21      AC:  1    Str: 11    XL:     2   Next: 29%
Magic:  2/2        EV: 13    Int: 12    God:
Gold:   13         SH:  0    Dex: 13    Spells: 1/1 levels left

rFire   . . .      SeeInvis .    a - +0 falchion
rCold   . . .      Faith    .    (no shield)
rNeg    . . .      Spirit   .    (helmet restricted)
rPois   .          Reflect  .    (no amulet)
rElec   .          Harm     .    (no ring)
rCorr   .          Rampage  .    (no ring)
Will    .....                    (no ring)
Stlth   ++++                     (no ring)
HPRegen 0.23/turn                (no ring)
MPRegen 0.08/turn                (no ring)
                                 (no ring)
                                 (no ring)

@: no status effects
A: almost no armour, amphibious, 8 rings, camouflage 1, gelatinous body 1,
(nimble swimmer 1), tentacles
a: no special abilities


You were on level 5 of the Dungeon.
You visited 1 branch of the dungeon, and saw 1 of its levels.

You collected 13 gold pieces.

Inventory:

Hand Weapons
 a - a +0 falchion (weapon)
Missiles
 c - 5 poisoned darts (quivered)
Wands
 f - a wand of digging (3)
Scrolls
 b - a scroll of fog
 d - a scroll of fear


   Skills:
 * Level 3.1 Fighting
 * Level 2.1 Long Blades
 * Level 2.1 Dodging
 + Level 6.9 Stealth
 * Level 0.3 Spellcasting


You had one spell level left.
You didn't know any spells.
Your spell library was empty.

Dungeon Overview and Level Annotations

Branches:
Dungeon (5/15)
 Temple: D:4-7

Altars:

Shops:
D:5 *

Annotations:
D:5 Blork the orc


Innate Abilities, Weirdness & Mutations

You cannot wear most types of armour.
You are amphibious.
You can wear up to eight rings at the same time.
Your skin changes colour to match your surroundings (Stealth+).
Your rubbery body absorbs attacks. (AC +1, EV +1)
((You are camouflaged when in or above water. (Stealth+)))
You have tentacles for arms and can constrict up to eight enemies at once.


Message History

There is an entrance to Iguoss's Assorted Antiques here.
You can access your shopping list by pressing '$'.
Okay, then.
As you read the scroll labelled OSAADUPPUT, it crumbles to dust.
It is a scroll of identify.
h - a potion of heal wounds You start resting.
A phantom opens the door.
There is a fountain of clear blue water here.
You feel much better. The bullfrog hits you!
You hit the bullfrog. Your grab misses the bullfrog.
The bullfrog is lightly wounded.
The bullfrog barely misses you. The bullfrog misses you.
You closely miss the bullfrog. Your grab misses the bullfrog.
The bullfrog is lightly wounded.
The bullfrog misses you. The phantom hits you. The bullfrog closely misses you.
You hit the bullfrog but do no damage. You grab the bullfrog.
The bullfrog is lightly wounded.
You constrict the bullfrog. The bullfrog misses you.
The phantom closely misses you. The bullfrog closely misses you.
The phantom hits you!
The phantom blinks!
You blink.
You lose your grip on something.
The phantom attacks as you move away! The phantom hits you!
* * * LOW HITPOINT WARNING * * *
You aren't carrying any potions.
Unknown command.
You closely miss the phantom. The phantom barely misses you.
You closely miss the phantom. The phantom closely misses you.
You hit the phantom.
The phantom is lightly damaged.
The phantom closely misses you.
Okay, then.
Unknown command.
You hit the phantom.
The phantom is moderately damaged.
The phantom barely misses you.
You completely miss the phantom. Your squeeze misses the phantom.
The phantom is moderately damaged.
The phantom hits you.
You die...

.≈# #≈.#.# #.# *,*** .§###≈.#F#
#.# *,* o≈§≈≈≈.#W# #.# *,*
.o§.o....# #.# ♣♣♣♣♣ *,*
§≈≈≈≈§...# #.##♣⌠.⌠♣ *,*
.≈###≈..F#########..'..§.♣ *,*
o≈# #≈.#............#♣⌠F⌠♣ *,*
.≈#*#§..##########F##♣♣♣♣♣***,*
.≈≈≈§≈..,.......@Wo# *,,,*
.......#*########### *****
###....* * #####*


You could see a phantom, a bullfrog and an orc.

Vanquished Creatures
  An adder (D:5)
  An orc (D:5)
2 creatures vanquished.

Notes
Turn   | Place    | Note
-------+----------+-------------------------------------------
     0 | D:5      | Esekla the Octopode Delver began the quest for the Orb.
     0 | D:5      | Reached XP level 1. HP: 16/16 MP: 1/1
    14 | D:5      | Noticed Blork the orc
    54 | D:5      | Noticed a phantom
    59 | D:5      | Noticed an iguana
    61 | D:5      | Reached XP level 2. HP: 17/21 MP: 2/2
    78 | D:5      | Noticed an ogre
    90 | D:5      | Noticed a bullfrog
   114 | D:5      | HP: 1/21 [orc wizard/puff of flame (9)]
   123 | D:5      | Found Iguoss's Assorted Antiques.
   140 | D:5      | HP: 1/21 [phantom (7)]
   145 | D:5      | Slain by a phantom

Illustrated notes

Levels and vault maps discovered:
D:5:      layout_loops_ring, serial_shops, kennysheep_little_box,
          kennysheep_boxes, uniq_blork_the_orc

Action                     || total
---------------------------++-------
  Melee: Falchion          ||    12
         Constrict         ||     3
         Tentacles         ||     2
    Use: Scroll            ||     2
         Potion            ||     2
 Armour: Skin              ||     1
  Dodge: Dodged            ||    12

Table legend: (Time is in decaauts)
 A = Elapsed time spent in this place.
 B = Non-inter-level travel time spent in this place.
 C = Inter-level travel time spent in this place.
 D = Time resting spent in this place.
 E = Time spent auto-exploring this place.
 F = Levels seen in this place.
 G = Mean time per level.
                   A        B        C        D        E       F      G
               +--------+--------+--------+--------+--------+-----+--------+
         Total |    133 |    133 |      0 |      2 |      0 |   1 |  133.0 |
       Dungeon |    133 |    133 |      0 |      2 |      0 |   1 |  133.0 |
               +--------+--------+--------+--------+--------+-----+--------+

Top non-repeatable levels by time:
     D:5: 133 daAuts
